 Dungeon Crawl Stone Soup version 0.20.1-1-g8b1a95d (webtiles) character file.

1064 AdmiralAndromeda the Digger (level 8, -2/41 HPs)
             Began as a Gargoyle Earth Elementalist on Nov 13, 2017.
             Slain by an unseen horror (4 damage)
             ... on level 6 of the Dungeon.
             The game lasted 00:23:42 (5961 turns).

AdmiralAndromeda the Digger (GrEE)                  Turns: 5961, Time: 00:23:43

Health: -2/41      AC: 10    Str: 11    XL:     8   Next: 27%
Magic:  14/14      EV: 11    Int: 19    God:
Gold:   302        SH:  0    Dex: 10    Spells: 12/15 levels left

rFire    x . .     SeeInvis .   D - +3 mace
rCold    + . .     Gourm    .   (no shield)
rNeg     + . .     Faith    .   f - +0 leather armour
rPois    ∞         Spirit   .   x - +0 helmet
rElec    +         Reflect  .   I - +0 cloak
rCorr    .         Harm     .   (no gloves)
MR       .....                  (no boots)
Stlth    ++........             (no amulet)
Regen    0.2/turn               t - ring of ice
MPRegen  0.2/turn               (no ring)

@: no status effects
A: negative energy resistance 1, electricity resistance, unbreathing,
petrification resistance, rot immunity, AC +5
a: no special abilities


You were on level 6 of the Dungeon.
You were very hungry.

You visited 1 branch of the dungeon, and saw 6 of its levels.

You collected 302 gold pieces.

Inventory:

Hand Weapons
 j - a +0 club
 k - a +0 spear
 p - a +3 dagger
 A - a +0 scythe
 D - a +3 mace (weapon)
 J - a +0 dagger of venom
 K - a +4 arbalest of flaming
Missiles
 b - 44 stones (quivered)
 O - 32 bolts
Armour
 a - a cursed +0 chain mail
 c - a +0 robe
 f - a +0 leather armour (worn)
 x - a +0 helmet (worn)
 I - a +0 cloak (worn)
 M - a scarf of cloud immunity
Jewellery
 t - a ring of ice (left hand)
Wands
 H - a wand of lightning (12/15)
Scrolls
 g - 3 scrolls of magic mapping {unknown}
 h - 2 scrolls of amnesia {unknown}
 n - 3 scrolls of identify {unknown}
 q - 3 scrolls of immolation {unknown}
 r - 4 scrolls of remove curse {unknown}
 u - a scroll of noise {unknown}
 y - a scroll of fog {unknown}
 C - a scroll of fear {unknown}
 E - a scroll of recharging {unknown}
 F - 3 scrolls of teleportation {unknown}
 G - a scroll of enchant weapon {unknown}
 L - a scroll of blinking {unknown}
Potions
 l - 3 potions of curing {unknown}
 o - a potion of magic {unknown}
 s - a potion of cancellation {unknown}
 v - a potion of mutation {unknown}
 w - 3 potions of resistance {unknown}
 z - 3 potions of lignification {unknown}
 B - 2 potions of might {unknown}
 N - a potion of heal wounds {unknown}
 P - a potion of haste {unknown}
Books
 e - a book of Geomancy

   Spells                             Type                      Level
   a - Sandblast                      Earth                        1
   b - Passwall                       Transmutation/Earth          2
   c - Stone Arrow                    Conjuration/Earth            3
   d - Petrify                        Transmutation/Earth          4
   e - Lee's Rapid Deconstruction     Earth                        5
 Q - a book of Air

   Spells                             Type                      Level
   a - Shock                          Conjuration/Air              1
   b - Swiftness                      Charms/Air                   2
   c - Static Discharge               Conjuration/Air              3
   d - Airstrike                      Air                          4
   e - Lightning Bolt                 Conjuration/Air              5
Comestibles
 d - 7 bread rations
 i - 2 meat rations
 m - 4 royal jellies


   Skills:
 + Level 3.4 Maces & Flails
 + Level 3.3 Polearms
 - Level 1.5 Dodging
 + Level 4.1 Stealth
 + Level 4.4 Spellcasting
 + Level 0.7 Transmutations
 * Level 7.5 Earth Magic


You had 12 spell levels left.
You knew the following spells:

 Your Spells              Type           Power        Failure   Level  Hunger
a - Sandblast             Erth           ####..       1%          1    None
p - Passwall              Tmut/Erth      ###.......   4%          2    #......


Dungeon Overview and Level Annotations

Branches:
Dungeon (6/15)
 Temple: D:4-7

Altars:


Innate Abilities, Weirdness & Mutations

You are resistant to torment.
Your stone body is resilient. (AC +5)
You are immune to poison.
You resist negative energy. (rN+)
You are resistant to electric shocks. (rElec)
You can survive without breathing.
You are immune to petrification.
You are immune to rotting.


Message History

Deactivating autopickup; reactivate with Ctrl-A.
Something hits you. Something hits you. Something hits you but does no damage.
Something hits you but does no damage. Something hits you.
Something hits you but does no damage. Something hits you!
Something hits you but does no damage. Something hits you.
* * * LOW HITPOINT WARNING * * *
Okay, then.
Okay, then.
Something hits you!
* * * LOW HITPOINT WARNING * * *
Something hits you but does no damage. Something hits you.
* * * LOW HITPOINT WARNING * * *
Something hits you but does no damage. Something hits you.
You die...

############ ########
#..........# #......#
#>.........##
#......####
#...........#
#......'...
#########...#
#......####
#######...####......#
..........+.........#
#######@..####......####
#....................
#.###.#.#.###########
#.# #.#.#........#
####.###.#.#^#####.##
#......#.#.###
#......#....
#......#....
#########.#.# .##


There were no monsters in sight!

Vanquished Creatures
  Sigmund (D:2)
  2 ogres (D:4)
  A centaur (D:5)
  2 scorpions (D:5)
  A bullfrog zombie (D:5)
  An orc priest (D:5)
  A centaur skeleton (D:5)
  An iguana (D:4)
  4 worker ants
  2 orc wizards
  7 gnolls
  9 adders
  An ooze (D:4)
  2 adder zombies (D:5)
  A worm (D:3)
  2 dart slugs (D:2)
  4 leopard geckos
  16 orcs
  A ball python (D:3)
  6 bats
  5 giant cockroaches
  7 goblins
  12 hobgoblins
  10 kobolds
  5 quokkas
  A ball python skeleton (D:5)
  8 frilled lizards
  A jackal zombie (D:5)
  A leopard gecko skeleton (D:6)
  A leopard gecko zombie (D:5)
  5 rats
121 creatures vanquished.

Notes
Turn   | Place    | Note
-------+----------+-------------------------------------------
     0 | D:1      | AdmiralAndromeda the Gargoyle Earth Elementalist began the quest for the Orb.
     0 | D:1      | Reached XP level 1. HP: 10/10 MP: 3/3
   203 | D:1      | You fall through a shaft!
   241 | D:2      | Reached skill level 4 in Earth Magic
   241 | D:2      | Reached XP level 2. HP: 15/15 MP: 3/5
   403 | D:2      | Reached XP level 3. HP: 13/19 MP: 3/6
   977 | D:1      | Reached skill level 1 in Polearms
  1006 | D:1      | Reached XP level 4. HP: 22/24 MP: 7/7
  1103 | D:2      | Noticed Sigmund
  1112 | D:2      | Killed Sigmund
  1112 | D:2      | Reached skill level 5 in Earth Magic
  1112 | D:2      | Reached XP level 5. HP: 26/28 MP: 2/9
  1356 | D:2      | Reached XP level 6. HP: 32/32 MP: 8/10
  3222 | D:4      | Reached skill level 6 in Earth Magic
  3222 | D:4      | Reached XP level 7. HP: 31/36 MP: 10/12
  3377 | D:4      | Reached skill level 1 in Maces & Flails
  3845 | D:5      | Entered Level 5 of the Dungeon
  4440 | D:5      | Reached skill level 7 in Earth Magic
  4596 | D:4      | Reached XP level 8. HP: 41/41 MP: 11/14
  5819 | D:6      | Learned a level 2 spell: Passwall
  5960 | D:6      | HP: 2/41 [something (3)]
  5961 | D:6      | Slain by an unseen horror

Skill      XL: |  1  2  3  4  5  6  7  8 |
---------------+-------------------------+-----
Earth Magic    | 4 5 6 7 |  7.5
Polearms       | 1 2 3 |  3.3
Stealth        | 3 4 |  4.1
Spellcasting   | 3 4 |  4.4
Maces & Flails | 2 3 |  3.4
Dodging        | |  1.5
Transmutations | |  0.7

Action                   |  1- 3 |  4- 6 |  7- 9 || total
-------------------------+-------+-------+-------++-------
Melee: Unarmed           |     9 |       |       ||     9
       Spear             |    91 |   102 |       ||   193
       Mace              |       |    52 |   115 ||   167
 Fire: Arbalest          |       |       |     3 ||     3
 Cast: Sandblast         |    13 |    26 |    32 ||    71
       Passwall          |       |       |     4 ||     4
 Stab: Sleeping          |     4 |     4 |     1 ||     9
       Distracted        |       |     1 |     1 ||     2
  Eat: Chunk             |     1 |     7 |     7 ||    15
Armor: Leather armour    |    23 |    72 |    69 ||   164
Dodge: Dodged            |    41 |    64 |    78 ||   183
